 Dungeon Crawl Stone Soup version 0.29.1-1-gd02db6906a (webtiles) character file.

Game seed: 9684531355392617780

29 safid the Shooter (level 3, -1/31 HPs)
             Began as a Minotaur Hunter on Sept 28, 2022.
             Slain by Terence
             ... wielding a +0 trident
              (9 damage)
             ... on level 2 of the Dungeon.
             The game lasted 00:01:46 (1129 turns).

safid the Shooter (Minotaur Hunter)                 Turns: 1129, Time: 00:01:47

Health: -1/31      AC:  3    Str: 15    XL:     3   Next: 1%
Magic:  2/2        EV: 12    Int:  6    God:
Gold:   54         SH:  0    Dex: 15    Spells: 2/2 levels left

rFire   . . .      SeeInvis .   a - +0 shortbow
rCold   . . .      Faith    .   (shield currently unavailable)
rNeg    . . .      Spirit   .   c - +0 leather armour
rPois   .          Reflect  .   (helmet restricted)
rElec   .          Harm     .   (no cloak)
rCorr   .          Rampage  .   (no gloves)
Will    .....                   (no boots)
Stlth   +.........              (no amulet)
HPRegen 0.10/turn               (no ring)
MPRegen 0.08/turn               (no ring)

@: no status effects
A: horns 2, retaliatory headbutt
a: no special abilities


You were on level 2 of the Dungeon.
You visited 1 branch of the dungeon, and saw 2 of its levels.

You collected 54 gold pieces.

Inventory:

Hand Weapons
 a - a +0 shortbow (weapon)
Armour
 c - a +0 leather armour (worn)
Jewellery
 h - a ring of ice
Scrolls
 b - a scroll of immolation
 d - 4 scrolls of teleportation {unknown}
 e - a scroll of amnesia {unknown}
Potions
 f - a potion of attraction {unknown}
 g - a potion of mutation {unknown}


   Skills:
 - Level 3.0 Fighting
 + Level 5.2 Ranged Weapons
 - Level 2.1 Dodging
 - Level 0.7 Stealth


You had 2 spell levels left.
You didn't know any spells.
Your spell library contained the following spells:

 Spells                   Type           Power      Damage    Failure   Level
 Scorch                   Fire           0%         2d5       67%         2
 Flame Wave               Conj/Fire      0%         2d4       99%         4
 Summon Cactus Giant      Summ           0%         N/A       100%        6


Dungeon Overview and Level Annotations

Branches:
Dungeon (2/15)

Altars:

Annotations:
D:2 Terence


Innate Abilities, Weirdness & Mutations

You have a pair of horns on your head.
You reflexively headbutt those who attack you in melee.


Message History

You now have 54 gold pieces (gained 14).
Found a stone.
You see here a +0 robe.
You see here a +0 robe.
A giant cockroach comes into view.
You shoot an arrow. The arrow hits the giant cockroach.
The giant cockroach is moderately wounded.
You hear a shout!
Terence the Incautious comes into view.
He is wielding a +0 trident and wearing a +2 scale mail of positive energy.
You shoot an arrow. The arrow hits the giant cockroach.
You kill the giant cockroach!
You have reached level 3!
Your experience leads to an increase in your attributes!
Increase (S)trength, (I)ntelligence, or (D)exterity?
You feel agile. x2
You shoot an arrow. The arrow closely misses Terence.
You shoot an arrow. The arrow closely misses Terence.
Terence closely misses you.
Terence hits you from afar with a +0 trident!
You shoot an arrow. The arrow hits Terence!
Terence is moderately wounded.
Terence hits you from afar with a +0 trident!
You are too injured to fight recklessly!
You are too injured to fight recklessly!
You are too injured to fight recklessly!
Fire: a) +0 shortbow
Press: ? - help, Q - select action Shift-Dir - straight line, f/p - Terence
Aim: Terence, wielding a +0 trident and wearing a +2 scale mail of positive energy (moderately wounded, 65% to hit)
You shoot an arrow.
The arrow hits Terence but does no damage.
Terence is moderately wounded.
Terence closely misses you.
Terence hits you from afar with a +0 trident!
* * * LOW HITPOINT WARNING * * *
Terence closely misses you.
There is an open door here.
As you open the door, it creaks loudly! Terence barely misses you.
Terence hits you from afar with a +0 trident!
You die...

#######.## ##. #.# #.. . #.#
#.# . ##'## #.# . ##...## #<#
.##### ##.(...## ##.#
.....###......@## ##..#
...#.##.........####...######
......'.........@............
...#.##.........####...######
..##.###.......## ##..#
..##.# ##.....## ##.# .###.#
##...## #.### .....# ##+##
#...# .##########.# ###.# .#
#.....##.## #.# .#
#.###.##..## #.#


You could see Terence.

Vanquished Creatures
  A dart slug (D:1)
  3 bats (D:1)
  3 endoplasms
  5 giant cockroaches
  A hobgoblin (D:1)
  A quokka (D:1)
  2 ball pythons
  A frilled lizard (D:1)
  3 goblins (D:1)
  4 kobolds (D:1)
  2 rats (D:1)
26 creatures vanquished.

Vanquished Creatures (others)
  2 fungi (D:1)
2 creatures vanquished.

Grand Total: 28 creatures vanquished

Notes
Turn   | Place    | Note
-------+----------+-------------------------------------------
     0 | D:1      | safid the Minotaur Hunter began the quest for the Orb.
     0 | D:1      | Reached XP level 1. HP: 18/18 MP: 0/0
   205 | D:1      | Reached XP level 2. HP: 25/25 MP: 1/1
   392 | D:1      | Reached skill level 5 in Ranged Weapons
   869 | D:1      | Found a faded altar of an unknown god.
  1106 | D:2      | Noticed Terence
  1108 | D:2      | Reached XP level 3. HP: 31/31 MP: 2/2
  1129 | D:2      | Slain by Terence

Illustrated notes

Levels and vault maps discovered:
D:1:      mrwooster_arrival_statue, layout_loops_corners,
          dreamdust_ecumenical_altar_hidden_monk_grotto
D:2:      layout_loops_corners, minmay_misc_feat_nine_boxes, uniq_terence,
          uniq_sigmund

Skill      XL: |  1  2 |
---------------+-------+-----
Fighting       | 3 |  3.0
Ranged Weapons | 5 |  5.2
Dodging        | |  2.1
Stealth        | |  0.7

Action                   || total
-------------------------++-------
 Fire: Shortbow          ||    63
Armor: Leather armour    ||     5
Dodge: Dodged            ||    13
